Map: Nightshade LE

Players

Impact

  • Race: Zerg Zerg
  • Spawn Location: 11:00

Armani - Winner!

  • Race: Zerg Zerg
  • Spawn Location: 5:00

Event: IEM Katowice 2020

VOD

Have the link to the VOD?

Description

Time

  • Played on: Feb. 24, 2020, 11:48 a.m.
  • Length: 4:01

All games in this series

Show
View Real Time Build Order
Export as new Build Order

Impact Zerg 

Build Orders: Hatch First 

Get SALT Encoding   

  12  0:00  Drone  
  13  0:12  Overlord  
  13  0:17  Drone  
  14  0:31  Drone x2  
  16  0:48  Hatchery  
  15  0:51  Drone  
  15  0:55  Drone  
  17  0:58  Drone  
  18  1:09  Extractor  
  17  1:13  Spawning Pool  
  17  1:16  Drone  
  17  1:20  Drone  
  18  1:28  Drone  
  20  1:54  Drone  
  20  2:00  Queen x2  
  24  2:02  Zergling x4  
  24  2:03  Zergling x2  
  24  2:07  Spine Crawler  
  26  2:11  Zergling x4  
  12  3:12  Zergling x2  
  13  3:23  Zergling x2  
Show
View Real Time Build Order
Export as new Build Order

Armani Zerg - Winner!

Build Orders: Pool Only 

Get SALT Encoding   

  12  0:17  Spawning Pool  
  11  0:22  Drone  
  11  0:27  Drone  
  13  0:32  Drone  
  14  0:40  Overlord  
  14  1:04  Zergling x2  
  14  1:05  Zergling x4  
  17  1:16  Zergling x2  
  18  1:27  Zergling x2  
  19  1:40  Zergling x2  
  20  1:51  Zergling x2  
  21  2:00  Zergling x2  
  22  2:07  Spine Crawler  
  21  2:08  Spine Crawler x2  
  21  2:14  Zergling x2  
  20  2:28  Zergling x2  
  20  2:33  Zergling x2  
  20  2:43  Zergling x2  
  11  2:55  Zergling x2  
  9  3:06  Zergling x2  
  10  3:14  Zergling x2  
  11  3:29  Zergling x2  
  8  3:44  Zergling x2  

Tags
 
Add a new tag
Caveats
  • Supply blocks, unpowered buildings, or Contaminate may cause inaccurate times.
  • Supply counts are checked every 10 seconds.